 Dungeon Crawl Stone Soup version 0.28.0-62-gf88900778d (webtiles) character file.

Game seed: 6823488700816744174

12411 cbfl8 the Severer (level 11, -7/92 HPs)
             Began as a Minotaur Fighter on July 3, 2023.
             Was a Believer of the Shining One.
             Mangled by a two-headed ogre
             ... wielding a +0 giant club
              (9 damage)
             ... on level 12 of the Dungeon.
             The game lasted 00:23:58 (16420 turns).

cbfl8 the Severer (Minotaur Fighter)               Turns: 16420, Time: 00:23:59

Health: -7/92      AC: 20    Str: 26    XL:     11   Next: 62%
Magic:  10/10      EV:  9    Int:  5    God:    the Shining One [**....]
Gold:   838        SH:  6    Dex: 15    Spells: 10/10 levels left

rFire   + . .      SeeInvis .   a - +0 war axe
rCold   + . .      Faith    .   c - +0 buckler
rNeg    + . .      Spirit   .   d - +2 chain mail {rPois}
rPois   +          Reflect  .   (helmet restricted)
rElec   +          Harm     .   s - +2 cloak
rCorr   +          Rampage  .   p - +0 pair of gloves
Will    .....                   v - +0 pair of boots
Stlth   ..........              (no amulet)
HPRegen 0.25/turn               j - +4 ring of slaying
MPRegen 0.12/turn               q - +6 ring of strength

@: resistant, glowing
A: horns 2, retaliatory headbutt
a: Renounce Religion, Divine Shield


You were on level 12 of the Dungeon.
You worshipped the Shining One.
The Shining One was pleased with you.
You visited 2 branches of the dungeon, and saw 13 of its levels.

You collected 838 gold pieces.

Inventory:

Hand Weapons
 a - a +0 war axe (weapon)
Armour
 c - a +0 buckler (worn)
 d - a +2 chain mail of poison resistance (worn)
 p - a +0 pair of gloves (worn)
 s - a +2 cloak (worn)
 v - a +0 pair of boots (worn)
Jewellery
 b - a ring of flight
 g - an amulet of faith
 j - a +4 ring of slaying (left hand)
 q - a +6 ring of strength (right hand)
Wands
 f - a wand of polymorph (1) (quivered)
Scrolls
 e - 4 scrolls of enchant armour
 h - 5 scrolls of magic mapping
 n - a scroll of fog
Potions
 i - 2 potions of mutation


   Skills:
 + Level 7.4 Fighting
 * Level 15.2 Axes
 + Level 10.1 Armour
 + Level 2.6 Dodging
 + Level 2.3 Stealth
 + Level 6.7 Shields
 * Level 6.9 Evocations


You had 10 spell levels left.
You didn't know any spells.
Your spell library contained the following spells:

 Spells                   Type           Power      Damage    Failure   Level
 Foxfire                  Conj/Fire      0%         2x1d4     97%         1
 Sandblast                Erth           0%         2d4       97%         1
 Slow                     Hex            0%         N/A       97%         1
 Passwall                 Tmut/Erth      0%         N/A       99%         2
 Confusing Touch          Hex            0%         N/A       100%        3
 Conjure Flame            Conj/Fire      0%         6-21      100%        3
 Inner Flame              Hex/Fire       0%         N/A       100%        3
 Stone Arrow              Conj/Erth      0%         3d7       100%        3
 Tukima's Dance           Hex            0%         N/A       100%        3
 Vampiric Draining        Necr           0%         2d6       100%        3
 Anguish                  Hex/Necr       0%         N/A       100%        4
 Flame Wave               Conj/Fire      0%         2d4       100%        4
 Enfeeble                 Hex            0%         N/A       100%        7


Dungeon Overview and Level Annotations

Branches:
Dungeon (12/15)            Temple (1/1) D:7            Lair (0/6) D:8
    Orc (0/2) D:10

Altars:
Ashenzari
Cheibriados
Dithmenos
Elyvilon
Fedhas
Gozag
Hepliaklqana
Kikubaaqudgha
Makhleb
Nemelex Xobeh
Okawaru
Qazlal
Ru
Sif Muna
Trog
Uskayaw
Vehumet
Wu Jian
Xom
Yredelemnul
Zin
The Shining One


Innate Abilities, Weirdness & Mutations

You have a pair of horns on your head.
You reflexively headbutt those who attack you in melee.


Message History

The anaconda closely misses you. The anaconda constricts you.
You slash the anaconda! Your headbutt misses the anaconda.
The anaconda is moderately wounded.
You feel yourself slow down. The anaconda bites you.
The anaconda constricts you.
You hit the anaconda.
The anaconda is heavily wounded.
The anaconda bites you!
* * * LOW HITPOINT WARNING * * *
The anaconda constricts you.
You slice the anaconda!!
The anaconda is almost dead.
The anaconda bites you but does no damage.
The anaconda constricts you.
The anaconda bites you but does no damage.
The anaconda constricts you.
* * * LOW HITPOINT WARNING * * *
You fail to use your ability.
The anaconda bites you but does no damage.
The anaconda constricts you.
You slash the anaconda!
You kill the anaconda!
The seven-headed hydra returns to its original shape as it dies.
You hit the two-headed ogre.
The two-headed ogre hits you with a +0 giant club!
* * * LOW HITPOINT WARNING * * *
You block the two-headed ogre's attack.
There is a glowing silver altar of Zin here.
You see here a hydra corpse.
You slash the two-headed ogre!
The two-headed ogre is moderately wounded.
You block the two-headed ogre's attack.
The two-headed ogre hits you with a +0 giant club!
The Shining One protects you from harm!
You slash the two-headed ogre!
The two-headed ogre is severely wounded.
The two-headed ogre hits you with a +0 giant club.
* * * LOW HITPOINT WARNING * * *
The two-headed ogre hits you with a +0 giant club!
You die...

.##### ..$.....
#....... #.......
#....... ##### #.
#....... #...#
###.(#.......
###...#..##..#...(...
#.'.@.#.?##..#.......
#.#.O.#.?##..#.......
#.#...# ###..........
#.##### ###.....#####
#.# ###.......# #O#
##.........#
#.####..........#
#....O..........#
######......$...#


You could see a two-headed ogre.

Vanquished Creatures
  An anaconda (D:12)
  3 two-headed ogres (D:10)
  An ugly thing (D:11)
  A manticore (D:7)
  A cyclops (D:11)
  A kobold demonologist (D:10)
  2 unseen horrors (D:10)
  2 trolls (D:10)
  3 slime creatures (D:8)
  2 shadows (D:10)
  Sigmund (D:6)
  A wyvern (D:8)
  A wraith (D:11)
  6 yaks
  A steam dragon (D:8)
  A basilisk (D:10)
  4 vampire mosquitoes (D:11)
  Edmund (D:6)
  2 acid dragons (D:11)
  4 water moccasins
  A swamp drake (D:10)
  7 orc warriors
  2 sky beasts
  3 black bears
  3 ogres
  2 necrophages
  2 centaurs
  5 kobold brigands
  2 scorpions (D:5)
  2 bullfrogs (D:8)
  A wyvern skeleton (D:6)
  2 electric eels
  2 howler monkeys
  4 centaur zombies
  4 hounds
  2 jellies
  A bullfrog skeleton (D:6)
  4 orc priests
  An iron imp (D:7)
  Jessica (D:3)
  A centaur skeleton (D:6)
  10 orc wizards
  A scorpion zombie (D:5)
  A hound zombie (D:5)
  A hound skeleton (D:4)
  A howler monkey zombie (D:9)
  12 gnolls
  10 adders
  A shadow imp (D:7)
  A white imp (D:5)
  An ufetubus (D:3)
  3 worms
  6 dart slugs
  31 orcs
  10 bats
  10 endoplasms
  3 giant cockroaches
  5 goblins
  11 hobgoblins
  3 jackals (D:1)
  9 quokkas
  11 ball pythons
  6 frilled lizards
  30 kobolds
  5 rats
273 creatures vanquished.

Vanquished Creatures (others)
  50 plants
50 creatures vanquished.

Grand Total: 323 creatures vanquished

Notes
Turn   | Place    | Note
-------+----------+-------------------------------------------
     0 | D:1      | cbfl8 the Minotaur Fighter began the quest for the Orb.
     0 | D:1      | Reached XP level 1. HP: 19/19 MP: 0/0
   128 | D:1      | Reached XP level 2. HP: 21/27 MP: 1/1
   384 | D:1      | Reached XP level 3. HP: 25/33 MP: 2/2
   608 | D:1      | Reached skill level 1 in Evocations
   984 | D:2      | Reached skill level 3 in Axes
  1015 | D:2      | Found a burning altar of Makhleb.
  1023 | D:2      | Found a faded altar of an unknown god.
  1114 | D:2      | Reached XP level 4. HP: 35/40 MP: 3/3
  2136 | D:3      | Reached XP level 5. HP: 31/46 MP: 4/4
  2432 | D:3      | Reached skill level 1 in Dodging
  2517 | D:2      | Reached skill level 4 in Axes
  2954 | D:3      | Noticed Jessica
  2964 | D:3      | Killed Jessica
  3194 | D:4      | Reached XP level 6. HP: 53/53 MP: 5/5
  3257 | D:4      | Reached skill level 5 in Armour
  3298 | D:4      | Reached skill level 5 in Axes
  3609 | D:4      | Reached skill level 6 in Axes
  3609 | D:4      | Reached XP level 7. HP: 56/60 MP: 6/6
  4859 | D:5      | Entered Level 5 of the Dungeon
  4958 | D:5      | Reached skill level 5 in Fighting
  4967 | D:5      | Reached skill level 5 in Shields
  5012 | D:5      | Reached skill level 7 in Axes
  5236 | D:5      | Reached XP level 8. HP: 68/68 MP: 7/7
  5308 | D:5      | Reached skill level 1 in Stealth
  5340 | D:5      | Reached skill level 8 in Axes
  6073 | D:6      | Reached skill level 9 in Axes
  6122 | D:6      | Noticed Edmund
  6131 | D:6      | Killed Edmund
  6249 | D:6      | Noticed Sigmund
  6260 | D:6      | Killed Sigmund
  6261 | D:6      | Reached XP level 9. HP: 53/74 MP: 8/8
  6577 | D:6      | Reached skill level 10 in Axes
  7685 | D:7      | Found a snail-covered altar of Cheibriados.
  7856 | D:7      | Found a staircase to the Ecumenical Temple.
  7863 | D:7      | Noticed a manticore
  7873 | Temple   | Entered the Ecumenical Temple
  8564 | Temple   | Became a worshipper of the Shining One
  9148 | D:7      | Reached skill level 11 in Axes
  9220 | D:7      | Killed a manticore
  9882 | D:8      | Noticed a skeletal warrior
  9891 | D:8      | Noticed a skeletal warrior
 10309 | D:8      | Found a staircase to the Lair.
 10358 | D:8      | Reached skill level 5 in Evocations
 10358 | D:8      | Reached XP level 10. HP: 43/83 MP: 9/9
 10360 | D:8      | Reached skill level 12 in Axes
 10764 | D:8      | Noticed a skeletal warrior
 11478 | D:9      | Noticed a death knight
 12252 | D:10     | Entered Level 10 of the Dungeon
 12650 | D:10     | Reached * piety under the Shining One
 13576 | D:10     | Reached skill level 13 in Axes
 13814 | D:10     | Found a staircase to the Orcish Mines.
 14042 | D:10     | Noticed a two-headed ogre
 14050 | D:10     | Killed a two-headed ogre
 14323 | D:10     | Noticed a two-headed ogre
 14334 | D:10     | Killed a two-headed ogre
 14335 | D:10     | Reached XP level 11. HP: 40/91 MP: 10/10
 14580 | D:10     | Reached skill level 14 in Axes
 14846 | D:11     | Noticed a two-headed ogre
 15017 | D:10     | Killed a two-headed ogre
 15221 | D:11     | Noticed an eight-headed hydra
 15564 | D:11     | Reached ** piety under the Shining One
 15746 | D:11     | Noticed a brown ugly thing
 15758 | D:11     | Killed a brown ugly thing
 15762 | D:11     | Reached skill level 15 in Axes
 16330 | D:11     | Reached skill level 10 in Armour
 16341 | D:11     | Noticed a seven-headed hydra
 16346 | D:11     | Noticed an anaconda
 16346 | D:11     | a seven-headed hydra changed into an anaconda
 16351 | D:11     | Noticed a death knight
 16385 | D:12     | Noticed a two-headed ogre
 16405 | D:12     | Found a glowing silver altar of Zin.
 16417 | D:12     | Killed an anaconda
 16419 | D:12     | The Shining One protects you from harm!
 16420 | D:12     | HP: 2/92 [two-headed ogre/+0 giant club (6)]
 16420 | D:12     | Mangled by a two-headed ogre

Illustrated notes

Levels and vault maps discovered:
D:1:      wander_arrival_abandoned_jail, layout_loops_cross, minmay_pentomino_w4
D:2:      layout_basic, basic_altar, chequers_ecumenical_altar_simple
D:3:      minmay_chambers_of_threes, layout_basic, minmay_strange_pillars,
          uniq_jessica
D:4:      cheibrodos_thug_alley, layout_basic, due_unseen_surprise
D:5:      layout_rooms, saegor_snake_ambush
D:6:      layout_cave_pods, grunt_ministairs_11, uniq_edmund, uniq_sigmund
D:7:      layout_cave_pools, slow_altar_1, temple_green, serial_column_ruins,
          column_ruins_hut_ruined, column_ruins_square_medium,
          column_ruins_open_small_water, column_ruins_grid_1,
          column_ruins_grid_1, column_ruins_columns_dead_end,
          column_ruins_columns_straight, hangedman_decor_lopped
D:8:      layout_gridville, lair_entry_dummy, serial_bayou_ford_a
D:9:      layout_roguey, serial_bayou, serial_bayou_shore_a,
          serial_bayou_lagoon_a, serial_bayou_pond_d, serial_bayou_lagoon_b,
          serial_bayou_pond_c, serial_bayou_lake_a, kennysheep_generic_room_15
D:10:     minmay_inner_zag, layout_long_grid, erik_orc_1
D:11:     layout_basic
D:12:     layout_basic, portal_ice_cave_rime, enter_trove_3,
          ebering_ghost_rock_garden, zin_scriptorium, uniq_erolcha
Temple:   mainiacjoe_temple_starburst

Skill      XL: |  1  2  3  4  5  6  7  8  9 10 11 |
---------------+----------------------------------+-----
Fighting       | 4 5 6 7 |  7.4
Armour         | 4 5 6 7 8 9 10 | 10.1
Shields        | 4 5 6 |  6.7
Evocations     | 1 2 3 5 6 |  6.9
Axes           | 3 4 6 7 9 11 13 15 | 15.2
Dodging        | 1 2 |  2.6
Stealth        | 1 2 |  2.3

Action                   |  1- 3 |  4- 6 |  7- 9 | 10-12 || total
-------------------------+-------+-------+-------+-------++-------
Melee: War axe           |    77 |   109 |   233 |   237 ||   656
       Headbutt          |     8 |    19 |    48 |    51 ||   126
Evoke: Wand              |       |       |     8 |    14 ||    22
  Use: Scroll            |       |     5 |     4 |    12 ||    21
       Potion            |       |       |     4 |    10 ||    14
 Stab: Paralysed         |       |       |     3 |       ||     3
Armor: Scale mail        |    40 |    46 |    57 |       ||   143
       Plate armour      |       |       |    32 |   112 ||   144
       Chain mail        |       |       |    20 |    24 ||    44
Dodge: Dodged            |    39 |    54 |    82 |    88 ||   263
Block: Buckler           |    17 |    36 |    54 |    69 ||   176
